Map: Eternal Empire LE

Players

ViBE - Winner!

  • Race: Terran Terran
  • League: Diamond
  • Spawn Location: 1:00

InNoCent

  • Race: Terran Terran
  • League: Platinum
  • Spawn Location: 7:00

VOD

Have the link to the VOD?

Description

Time

  • Played on: Dec. 17, 2019, 8:04 p.m.
  • Length: 7:32
Show
View Real Time Build Order
Export as new Build Order

ViBE Terran - Winner!

Build Orders: Reaper Expand 

Get SALT Encoding   

  12  0:00  SCV  
  13  0:12  SCV  
  14  0:18  Supply Depot  
  14  0:25  SCV  
  15  0:39  SCV  
  15  0:41  Barracks  
  16  0:45  Refinery  
  16  0:51  SCV  
  17  1:05  SCV  
  18  1:17  SCV  
  19  1:31  Reaper  
  21  1:33  Orbital Command  
  20  1:45  Command Center  
  20  1:58  SCV  
  21  2:05  Barracks  
  21  2:07  Barracks Reactor  
  21  2:11  Supply Depot  
  21  2:16  SCV  
  22  2:28  SCV  
  22  2:40  SCV  
  23  2:44  Marine  
  23  2:45  Marine  
  24  2:52  SCV  
  24  2:57  Factory  
  25  3:04  SCV  
  26  3:07  Marine x2, Barracks Tech Lab  
  26  3:08  Refinery  
  26  3:12  Supply Depot  
  28  3:16  SCV  
  30  3:20  Orbital Command  
  30  3:26  Marine  
  30  3:28  SCV  
  30  3:31  Marine x2  
  33  3:34  Stimpack  
  33  3:40  SCV  
  34  3:45  Starport  
  34  3:47  SCV  
  35  3:52  SCV  
  35  3:54  Marine x3  
  39  3:57  Factory Reactor  
  39  3:59  SCV  
  40  4:04  SCV  
  41  4:11  SCV  
  41  4:17  SCV, Marine x3  
  43  4:23  SCV  
  47  4:29  SCV, Supply Depot  
  47  4:30  Supply Depot x2  
  48  4:35  Marine, SCV  
  50  4:41  Medivac  
  50  4:42  Medivac  
  54  4:51  Marine x2  
  54  4:52  SCV x2, Marine  
  59  5:04  SCV x2  
  61  5:07  Command Center  
  61  5:08  Marine x2  
  61  5:10  Marine  
  63  5:28  SCV x2  
  65  5:31  Marine x3  
  65  5:32  Medivac x2  
  72  5:40  Engineering Bay x2  
  72  5:42  Barracks  
  70  5:43  SCV x2, Barracks  
  70  5:48  Supply Depot x2  
  72  5:50  Marine x2  
  72  5:51  Marine  
  72  5:55  SCV x2  
  76  6:06  Medivac  
  76  6:09  Marine x3  
  76  6:10  SCV x2, Medivac  
  83  6:22  SCV  
  83  6:23  Refinery x2  
  84  6:30  Command Center  
  84  6:32  Barracks Reactor x2  
  84  6:42  Marine  
  84  6:43  Marine x2  
  84  6:44  SCV x2  
Show
View Real Time Build Order
Export as new Build Order

InNoCent Terran 

Build Orders:  

Get SALT Encoding   

  12  0:01  SCV  
  13  0:13  SCV  
  14  0:18  Supply Depot  
  14  0:25  SCV  
  15  0:30  Refinery  
  15  0:42  Barracks  
  15  0:45  SCV  
  16  0:57  SCV  
  17  1:09  SCV  
  17  1:11  Refinery  
  18  1:21  SCV  
  19  1:29  Reaper  
  19  1:30  Supply Depot  
  20  1:33  Orbital Command  
  20  1:45  Factory  
  20  1:59  SCV  
  21  2:04  Reaper  
  22  2:11  SCV  
  23  2:23  SCV  
  23  2:25  Command Center  
  24  2:37  Reaper  
  24  2:39  Widow Mine  
  27  2:46  Starport  
  28  3:10  Reaper  
  27  3:16  Factory Reactor  
  26  3:30  Starport Tech Lab  
  26  3:32  Barracks  
  26  3:48  Barracks  
  26  3:53  Widow Mine x2  
  26  3:54  Barracks Tech Lab  
  30  3:58  Raven, Orbital Command  
  30  4:00  SCV  
  33  4:14  SCV  
  34  4:18  Marine  
  35  4:26  SCV  
  35  4:30  Barracks Reactor  
  36  4:32  Barracks  
  36  4:35  Factory Tech Lab  
  36  4:36  Marine  
  37  4:38  SCV  
  38  4:49  Barracks Reactor  
  38  4:50  SCV  
  38  4:51  Factory  
  39  4:59  Marine  
  40  5:16  Marine  
  40  5:17  SCV x2  
  40  5:18  Marine x2  
  40  5:20  Stimpack  
  46  5:21  Barracks Reactor  
  46  5:26  Barracks  
  45  5:29  SCV  
  46  5:41  Liberator  
  46  5:44  Factory Tech Lab  
  46  5:49  Marine  
  46  5:54  Supply Depot  
  46  5:58  SCV, Marine  
  38  6:06  Marine  
  38  6:10  SCV  
  39  6:17  Supply Depot  
Tags
 
Add a new tag
Caveats
  • Supply blocks, unpowered buildings, or Contaminate may cause inaccurate times.
  • Supply counts are checked every 10 seconds.